 Dungeon Crawl Stone Soup version 0.31.0-11-ge490571c62 (webtiles) character file.

Game seed: 17164131859609062680

67 Rassilon the Changeling (level 4, -5/36 HPs)
             Began as a Draconian Shapeshifter on Feb 10, 2024.
             Engulfed by a cloud of flame (20 damage)
             ... on level 2 of the Dungeon.
             The game lasted 00:06:33 (1835 turns).

Rassilon the Changeling (Draconian Shapeshifter)    Turns: 1835, Time: 00:06:33

Health: -5/36      AC:  5    Str: 19    XL:     4   Next: 0%
Magic:  0/4        EV: 12    Int: 10    God:
Gold:   133        SH:  0    Dex: 10    Spells: 3/3 levels left

rFire   . .          .
                       - Unarmed
rCold   . . .        (no shield)
rNeg    . . .        (body armour unavailable)
rPois   .            (helmet currently unavailable)
rElec   .            (cloak currently unavailable)
rCorr   .            (gloves currently unavailable)
SInv    .            (boots currently unavailable)
Will    .....        g - amulet of guardian spirit
Stlth   +            (no ring)
HPRegen 0.26/turn    (no ring)
MPRegen 0.09/turn

%: guardian spirit
@: beast-form
A: beast (slay +2), AC +5, unfitting armour, cold-blooded
a: Begin Untransformation


You were on level 2 of the Dungeon.
You were a hulking beast.
You visited 1 branch of the dungeon, and saw 2 of its levels.

You collected 133 gold pieces.

Inventory:

Jewellery
 g - an amulet of guardian spirit (around neck)
Talismans
 b - a beast talisman
 c - a flux talisman
 e - a flux talisman
Scrolls
 d - a scroll of revelation {unknown}
 f - a scroll of enchant armour {unknown}
 h - a scroll of enchant weapon {unknown}
 i - a scroll of identify {unknown}
 j - 2 scrolls of poison {unknown}
 m - a scroll of immolation {unknown}
Potions
 a - a potion of lignification
 k - a potion of brilliance {unknown}
 l - a potion of might {unknown}
 n - a potion of berserk rage {unknown}
 o - 2 potions of cancellation {unknown}
 p - a potion of heal wounds {unknown}
 q - a potion of curing {unknown}


   Skills:
 + Level 2.1 Fighting
 + Level 2.3 Dodging
 + Level 3.4 Unarmed Combat
 * Level 3.7 Shapeshifting


You had 3 spell levels left.
You didn't know any spells.
Your spell library was empty.

Dungeon Overview and Level Annotations

Branches:
Dungeon (2/15)

Altars:
Yredelemnul

Shops:
D:2 =


Innate Abilities, Weirdness & Mutations

You are a hulking beast.
Your limbs bulge with bestial killing power. (Slay +2)
Your plain brown scales are hard. (AC +5)
You cannot fit into any form of body armour.
You are cold-blooded and may be slowed by cold attacks.


Message History

A quokka comes into view.
The helpless quokka fails to defend itself.
You hit the quokka.
The quokka is severely wounded.
The quokka barely misses you. The quokka completely misses you.
You hit the quokka but do no damage.
The quokka is severely wounded.
The quokka misses you.
You barely miss the quokka. You tail-slap the quokka.
You kill the quokka!
You see here a quokka corpse.
A ribbon worm comes into view.
Found a stone staircase leading up.
You hit the ribbon worm. You tail-slap the ribbon worm!
The ribbon worm is heavily wounded.
The ribbon worm bites you.
You hit the ribbon worm.
The ribbon worm is almost dead.
The ribbon worm bites you.
You hit the ribbon worm.
You kill the ribbon worm!
You have reached level 4!
You feel stronger.
You see here a hobgoblin corpse.
You open the door.
There is an open door here.
You open the door.
There is an open door here.
There is an open door here.
Found a worn bone wand and 18 gold pieces.
A bat is nearby!
Found a scroll labelled HAINGEZOFER, a dagger and a spear.
Found a scroll labelled KEUM KIABLU.
The bat is engulfed in blazing flames. x2
The bat dies!
You are engulfed in blazing flames.
You are engulfed in blazing flames.
You are engulfed in blazing flames.
Ouch! That really hurt!
You die...

#.# #°☼.# ### #. #.# #.§§#
###########. #.# #..§#
#.[.........
#.#####...#####.....######
#..§§..?...§§..........)..
#..§§§.))$..○°............
##.§....?/.§§..#####..####
#####...#####...........
#§°h# ##.######.#. #§§§#
#.# #... #☼☼§# #.# ###>
#...######.# ##
##.........# ###########


There were no monsters in sight!

Vanquished Creatures
  2 adders (D:2)
  A dart slug (D:1)
  2 ribbon worms (D:2)
  8 ball pythons
  2 endoplasms
  5 giant cockroaches
  2 goblins (D:1)
  3 hobgoblins (D:2)
  4 jackals (D:2)
  A kobold (D:1)
  2 quokkas (D:2)
  3 bats
  2 frilled lizards
  4 rats (D:1)
41 creatures vanquished.

Vanquished Creatures (others)
  A bat (D:2)
1 creature vanquished.

Grand Total: 42 creatures vanquished

Notes
Turn   | Place    | Note
-------+----------+-------------------------------------------
     0 | D:1      | Rassilon the Draconian Shapeshifter began the quest for the
                  | Orb.
     0 | D:1      | Reached XP level 1. HP: 16/16 MP: 1/1
   177 | D:1      | Reached XP level 2. HP: 22/23 MP: 2/2
   624 | D:1      | Found a faded altar of an unknown god.
   892 | D:2      | Reached XP level 3. HP: 22/29 MP: 1/3
  1075 | D:2      | Found Biumima's Jewellery Emporium.
  1335 | D:2      | Found a basalt altar of Yredelemnul.
  1692 | D:2      | Reached XP level 4. HP: 29/36 MP: 4/4
  1835 | D:2      | Engulfed by a cloud of flame

Illustrated notes

Levels and vault maps discovered:
D:1:      dpeg_arrival_simpleton_a, layout_basic,
          hellmonk_ecumenical_altar_inner_sanctum
D:2:      layout_basic, basic_altar, serial_shops,
          nicolae_shop_tiny_real_fake_doors, lemuel_flame_loot_1

Skill      XL: |  1  2  3 |
---------------+----------+-----
Dodging        | 2 |  2.3
Fighting       | 2 |  2.1
Unarmed Combat | |  3.4
Shapeshifting  | |  3.7

Action                     |  1- 3 |  4- 6 || total
---------------------------+-------+-------++-------
  Melee: Unarmed           |   123 |       ||   123
         Tailslap          |    17 |       ||    17
         Punch             |     4 |       ||     4
   Stab: Sleeping          |     1 |       ||     1
 Armour: Skin              |    60 |     3 ||    63
  Dodge: Dodged            |    83 |       ||    83
